 Dungeon Crawl Stone Soup version 0.26-a0-812-g31a745ddcd (webtiles) character file.

Game seed: 968004320039810166

84 vurker the Skirmisher (level 4, -4/42 HPs)
             Began as a Palentonga Enchanter on Nov 26, 2020.
             Slain by a sixfirhy (6 damage)
             ... on level 1 of the Abyss.
             The game lasted 00:02:21 (2381 turns).

vurker the Skirmisher (Palentonga Enchanter)        Turns: 2381, Time: 00:02:21

Health: -4/42      AC:  8    Str: 12    XL:     4   Next: 23%
Magic:  7/7        EV:  0    Int: 15    God:
Gold:   56         SH:  0    Dex: 11    Spells: 6/7 levels left

rFire    . . .     SeeInvis +   h - +1 dagger (venom)
rCold    . . .     Faith    .   (no shield)
rNeg     . . .     Spirit   .   k - +0 plate armour
rPois    .         Reflect  .   (no helmet)
rElec    .         Harm     .   j - scarf {repulsion}
rCorr    .         Rampage  .   (no gloves)
MR       .....                  (no barding)
Stlth    ..........             (no amulet)
HPRegen  0.14/turn              d - ring of stealth
MPRegen  0.10/turn              (no ring)

@: repel missiles
A: large, rugged brown scales 3, see invisible, deformed body, roll, armoured
tail
a: Rolling Charge


You were on level 1 of the Abyss.
You visited 1 branch of the dungeon, and saw 2 of its levels.
You visited the Abyss 1 time.

You collected 56 gold pieces.

Inventory:

Hand Weapons
 h - a +1 dagger of venom (weapon)
   (You took it off a goblin on level 2 of the Dungeon)
Armour
 j - a scarf of repulsion (worn)
   (You found it on level 2 of the Dungeon)
 k - a +0 plate armour (worn)
   (You found it on level 2 of the Dungeon)
Jewellery
 d - a ring of stealth (left hand)
   (You found it on level 1 of the Dungeon)
Scrolls
 a - 3 scrolls of teleportation {unknown}
 b - a scroll of magic mapping {unknown}
 e - a scroll of enchant armour {unknown}
 f - 5 scrolls of identify {unknown}
 g - 2 scrolls of amnesia {unknown}
 l - a scroll of remove curse {unknown}
Potions
 c - a potion of haste {unknown}
 i - 4 potions of curing {unknown}
Miscellaneous
 m - a phantom mirror
   (You found it on level 1 of the Abyss)


   Skills:
 + Level 3.7 Fighting
 - Level 1.0 Short Blades
 + Level 0.8 Armour
 - Level 1.5 Dodging
 - Level 2.0 Stealth
 - Level 2.0 Spellcasting
 - Level 3.0 Hexes


You had 6 spell levels left.
You knew the following spells:

 Your Spells              Type           Power        Failure   Level
a - Corona                Hex            ##.....      100%        1

Your spell library contained the following spells:

 Spells                   Type           Power        Failure   Level
 Ensorcelled Hibernation  Hex/Ice        #.....       100%        2
 Confusing Touch          Hex            ##......     100%        3
 Dazzling Flash           Conj/Hex       #.....       100%        3
 Tukima's Dance           Hex            ##......     100%        3


Dungeon Overview and Level Annotations

Branches:
Dungeon (2/15)

Altars:
Cheibriados
Okawaru
Trog

Annotations:
D:2 Crazy Yiuf


Innate Abilities, Weirdness & Mutations

You are completely covered in rugged brown scales. (AC +3, +7% HP)
You have supernaturally acute eyesight. (SInv)
Armour fits poorly on your strangely shaped body.
You can roll at foes to attack.
You have a long armoured tail.


Message History

You see here a robe.
A dart slug comes into view.
A dart slug is nearby!
You hit the dart slug. You hit the dart slug.
The dart slug is poisoned.
You kill the dart slug!
No target in view!
No target in view!
No target in view!
No target in view!
No target in view!
No target in view!
No target in view!
No target in view!
You see here a dart slug corpse.
You see here a dart slug corpse.
You see here a robe.
You see here 7 boomerangs.
You open the door.
Crazy Yiuf zaps a wand.
The puff of flame hits you but does no damage.
Crazy Yiuf zaps a wand.
The puff of flame hits you!
There is an open translucent door here.
You hit Crazy Yiuf.
Crazy Yiuf is poisoned.
Your tail-slap misses Crazy Yiuf.
Crazy Yiuf hits you with a +2 quarterstaff of chaos.
You are cast into the Abyss!
To return, you must find a gate leading back.
Killing monsters will force the Abyss to allow you passage.
This branch contains the abyssal rune of Zot.
Found a scroll labelled MYFRAE ETAEKY.
Found a pair of boots.
a - 3 scrolls labelled MYFRAE ETAEKY (gained 1)
A lorocyproca comes into view.
A lorocyproca is nearby!
Found a gateway leading deeper into the Abyss.
A sixfirhy comes into view.
A large abomination comes into view.
A wretched star comes into view.
Found a scroll labelled NUURPHITWOZ and a phantom mirror.
You see here a scroll labelled NUURPHITWOZ.
The sixfirhy hits you but does no damage.
You see here a phantom mirror.
m - a phantom mirror The sixfirhy hits you!
The sixfirhy shocks you! The sixfirhy hits you!
* * * LOW HITPOINT WARNING * * *
The sixfirhy shocks you!
* * * LOW HITPOINT WARNING * * *
The sixfirhy hits you.
You die...

* ####.....#### ###...#.#
..##.## .### ##..#.....# #.
.#. .......#.#......... ..
.#.###########........##..#
...............######..# ..
..#....### ##.# ##..# .#
.........## .#.# ...#...
...#.....3##♣. .♣ #.### ..
##...♣♣@♣♣♣ .♣ ♣.#. .#
##X##♣♣# #####♣.. #..
♣♣#...#.###.# #... ♣
....#.# ## . ..... ♣. ♣
...♣# ## .#.. . . ## #♣ . #


You could see a sixfirhy.

Vanquished Creatures
  4 adders
  An ooze (D:2)
  A worm (D:2)
  2 dart slugs (D:2)
  A leopard gecko (D:2)
  6 bats
  A giant cockroach (D:1)
  5 goblins
  2 hobgoblins
  3 jackals (D:2)
  3 frilled lizards
  4 kobolds
  6 rats
39 creatures vanquished.

Notes
Turn   | Place    | Note
-------+----------+-------------------------------------------
     0 | D:1      | vurker the Palentonga Enchanter began the quest for the
                  | Orb.
     0 | D:1      | Reached XP level 1. HP: 14/14 MP: 3/3
    48 | D:1      | Reached skill level 1 in Fighting
   365 | D:1      | Reached XP level 2. HP: 20/25 MP: 5/5
  1271 | D:2      | Reached XP level 3. HP: 28/32 MP: 6/6
  1671 | D:2      | Found an iron altar of Okawaru.
  1673 | D:2      | Found a bloodstained altar of Trog.
  1953 | D:2      | Found a snail-covered altar of Cheibriados.
  1961 | D:2      | Reached XP level 4. HP: 34/40 MP: 7/7
  2150 | D:2      | Found a runed translucent door.
  2151 | D:2      | Noticed Crazy Yiuf
  2252 | D:2      | Cast into level 1 of the Abyss (Crazy Yiuf)
  2357 | Abyss:1  | Noticed a lorocyproca
  2373 | Abyss:1  | Noticed a sixfirhy
  2377 | Abyss:1  | Noticed a large abomination
  2377 | Abyss:1  | Noticed a wretched star
  2381 | Abyss:1  | HP: 2/42 [sixfirhy (11)]
  2381 | Abyss:1  | Slain by a sixfirhy

Illustrated notes

Levels and vault maps discovered:
D:1:      scummos_arrival_checkerplants, layout_basic
D:2:      layout_loops_ring, gammafunk_temple_overflow_statue,
          cheibriados_altar_1, grunt_decor_resistance, uniq_crazy_yiuf_cottage
Abyss:1:  base: D:2, guppyfry_abyss_exit_glass_guarded

Skill      XL: |  1  2  3 |
---------------+----------+-----
Fighting       | 1 2 3 |  3.7
Short Blades   | |  1.0
Armour         | |  0.8
Dodging        | |  1.5
Stealth        | |  2.0
Spellcasting   | |  2.0
Hexes          | |  3.0

Action                   |  1- 3 |  4- 6 || total
-------------------------+-------+-------++-------
Melee: Dagger            |   113 |    21 ||   134
       Tailslap          |    13 |     2 ||    15
 Stab: Sleeping          |     6 |       ||     6
Armor: Robe              |    27 |       ||    27
       Plate armour      |    34 |    24 ||    58
Dodge: Dodged            |    35 |       ||    35

Table legend: (Time is in decaauts)
 A = Elapsed time spent in this place.
 B = Non-inter-level travel time spent in this place.
 C = Inter-level travel time spent in this place.
 D = Time resting spent in this place.
 E = Time spent auto-exploring this place.
 F = Levels seen in this place.
 G = Mean time per level.
                   A        B        C        D        E       F      G
               +--------+--------+--------+--------+--------+-----+--------+
         Total |   2374 |   2328 |     46 |    240 |   1752 |   3 |  791.3 |
       Dungeon |   2245 |   2199 |     46 |    240 |   1649 |   2 | 1122.5 |
         Abyss |    128 |    128 |      0 |      0 |    103 |   1 |  128.0 |
               +--------+--------+--------+--------+--------+-----+--------+

Top non-repeatable levels by time:
     D:1: 1177 daAuts
     D:2: 1068 daAuts
 Abyss:1: 128 daAuts
